 Dungeon Crawl Stone Soup version 0.29.1-2-gbd0b4ee654 (webtiles) character file.

Game seed: 9106023289538990260

11610 cdecastro the Unseen (level 11, -3/47 HPs)
             Began as a Vine Stalker Enchanter on Nov 21, 2022.
             Was a Priest of Wu Jian.
             Slain by a sixfirhy (8 damage)
             ... on level 8 of the Dungeon.
             The game lasted 00:34:05 (11511 turns).

cdecastro the Unseen (Vine Stalker Enchanter)      Turns: 11511, Time: 00:34:06

Health: -3/47      AC:  9    Str:  9      XL:     11   Next: 80%
Magic:  0/15       EV: 11    Int: 17      God:    Wu Jian [***...]
Gold:   419        SH:  5    Dex: 13 (17) Spells: 6/14 levels left

rFire   . . .      SeeInvis .   a - +3 dagger (drain)
rCold   + . .      Faith    .   (no shield)
rNeg    . . .      Spirit   +   n - +3 leather armour {rC+}
rPois   .          Reflect  +   r - +1 helmet
rElec   .          Harm     .   (no cloak)
rCorr   .          Rampage  .   w - +0 pair of gloves
Will    +....                   (no boots)
Stlth   ++++++....              i - amulet of reflection
HPRegen 0.95/turn               (no ring)
MPRegen 0.14/turn               (no ring)

@: confusing by touch, unable to drink
A: fangs 3, regeneration 1, magic shield, antimagic bite, no potion heal 2, weak
1, inability to drink after injury 1
a: Renounce Religion, Wall Jump, Serpent's Lash


You were on level 8 of the Dungeon.
You worshipped Wu Jian.
Wu Jian was most pleased with you.
You visited 2 branches of the dungeon, and saw 10 of its levels.
You also visited: Sewer and Bailey.

You collected 760 gold pieces.
You spent 341 gold pieces at shops.

Inventory:

Hand Weapons
 a - a +3 dagger of draining (weapon)
 b - a +0 longbow
 e - a +1 dagger
 y - the +9 flail of Onil {holy, rElec rCorr Int+2 Dex+2}
   (You found it on level 5 of the Dungeon)

   It has been blessed by the Shining One to cause great damage to the undead
   and demons.
   Int:       It affects your intelligence (+2).
   Dex:       It affects your dexterity (+2).
   rElec:     It insulates you from electricity.
   rCorr:     It protects you from acid and corrosion.
 M - the +4 trident "Vocinwap" {flame, rElec}
   (You found it in a bailey)

   It burns those it strikes, dealing additional fire damage.
   rElec:     It insulates you from electricity.
Missiles
 h - 11 poisoned darts
 k - a throwing net
 o - 2 silver boomerangs
 G - 3 boomerangs
Armour
 n - a +3 leather armour of cold resistance (worn)
 r - a +1 helmet (worn)
 w - a +0 pair of gloves (worn)
Magical Staves
 E - a staff of poison
 L - a staff of air
Jewellery
 i - an amulet of reflection (around neck)
 K - an amulet of regeneration
Wands
 l - a wand of acid (9)
 v - a wand of flame (16)
 C - a wand of charming (12)
 F - a wand of polymorph (8)
Scrolls
 d - 8 scrolls of teleportation
 j - a scroll of poison
 m - 6 scrolls of identify
 q - a scroll of immolation
 D - 2 scrolls of vulnerability
 J - a scroll of blinking
Potions
 c - a potion of invisibility
 f - 9 potions of flight
 g - 2 potions of berserk rage
 p - 4 potions of curing
 s - 6 potions of attraction
 t - a potion of ambrosia
 u - 4 potions of might
 x - 2 potions of cancellation
 z - a potion of lignification
 A - 3 potions of magic
 B - a potion of heal wounds
 H - 2 potions of haste
 I - a potion of brilliance


   Skills:
 - Level 11.3 Short Blades
 + Level 2.7 Ranged Weapons
 - Level 1.5 Dodging
 + Level 15.0 Stealth
 - Level 2.1 Spellcasting
 - Level 8.0 Hexes


You had 6 spell levels left.
You knew the following spells:

 Your Spells              Type           Power      Damage    Failure   Level
a - Ensorcelled Hibernat  Hex/Ice        30%        N/A       8%          2
b - Confusing Touch       Hex            29%        N/A       3%          3
c - Dazzling Flash        Conj/Hex       30%        N/A       16%         3

Your spell library contained the following spells:

 Spells                   Type           Power      Damage    Failure   Level
 Tukima's Dance           Hex            29%        N/A       3%          3
 Summon Guardian Golem    Hex/Summ       15%        N/A       16%         3
 Necrotise                Necr           4%         1d4       26%         1
 Summon Small Mammal      Summ           4%         N/A       26%         1
 Scorch                   Fire           2%         2d5       38%         2
 Sublimation of Blood     Necr           1%         N/A       38%         2
 Anguish                  Hex/Necr       7%         N/A       45%         4
 Call Canine Familiar     Summ           1%         N/A       63%         3
 Ignite Poison            Fire/Tmut/Pois 1%         N/A       63%         3
 Mephitic Cloud           Conj/Pois/Air  1%         N/A       63%         3
 Spider Form              Tmut/Pois      1%         N/A       63%         3
 Vampiric Draining        Necr           1%         2d6       63%         3
 Flame Wave               Conj/Fire      1%         2d4       95%         4
 Iskenderun's Mystic Bla  Conj/Tloc      1%         2d3       95%         4
 Petrify                  Tmut/Erth      1%         N/A       95%         4
 Agony                    Necr           1%         N/A       100%        5
 Freezing Cloud           Conj/Ice/Air   0%         6-21      100%        5
 Irradiate                Conj/Tmut      0%         3d11      100%        5
 Starburst                Conj/Fire      0%         6d3       100%        6
 Summon Cactus Giant      Summ           0%         N/A       100%        6


Dungeon Overview and Level Annotations

Branches:
Dungeon (9/15)             Temple (1/1) D:5           Sewer (visited)
 Bailey (visited)
   Lair: D:8-11         Orc: D:9-12

Altars:
Ashenzari
Cheibriados
Dithmenos
Elyvilon
Fedhas
Kikubaaqudgha
Makhleb
Nemelex Xobeh
Qazlal
Ru
Sif Muna
Trog
Vehumet
Wu Jian
Yredelemnul
The Shining One

Shops:
D:5 !

Annotations:
D:3 exclusion: water moccasin


Innate Abilities, Weirdness & Mutations

You have razor-sharp teeth.
Your natural rate of healing is unusually fast.
When hurt, damage is shared between your health and your magic reserves.
Your bite disrupts and absorbs the magic of your enemies.
Potions cannot restore your health.
You are weak. (Str -2)
You occasionally lose the ability to drink potions when taking damage.


Message History

Aim: a neqoxec (chance to affect: 31%)
The neqoxec easily resists.
The neqoxec gestures at you.
Strange energies course through your body.
You feel weaker. The sixfirhy barely misses you.
The sixfirhy hits you but does no damage.
The sixfirhy hits you. The sixfirhy shocks you! The sixfirhy hits you.
The sixfirhy shocks you!
You climb upwards.
There is a stone staircase leading down here.
Unknown command.
Unknown command.
Unknown command.
Press: ? - help, v - describe, . - travel
Here: a sixfirhy The floor.
Aiming: Ensorcelled Hibernation (safe; 8% risk of failure)
Press: ? - help, Q - select action, (/) - cycle Shift-Dir - straight line, f - sixfirhy
Aim: a sixfirhy (chance to affect: 17%)
Okay, then.
Unknown command.
Casting: Ensorcelled Hibernation (safe; 8% risk of failure)
Confirm with . or Enter, or press ? or * to list all spells.
Your hands begin to glow red.
Unknown command.
You hit the sixfirhy but do no damage. Your bite misses the sixfirhy.
You hit the sixfirhy but do no damage. Your bite misses the sixfirhy.
You hit the sixfirhy but do no damage. The sixfirhy barely misses you.
You hit the sixfirhy but do no damage. Your bite misses the sixfirhy.
The sixfirhy closely misses you. The sixfirhy hits you!
* * * LOW HITPOINT WARNING * * *
The sixfirhy shocks you!
You feel threatened and lose the ability to drink potions!
* * * LOW HITPOINT WARNING * * *
You hit the sixfirhy but do no damage. Your bite misses the sixfirhy.
The sixfirhy barely misses you. The sixfirhy hits you!
* * * LOW HITPOINT WARNING * * *
The sixfirhy shocks you!
You die...

............###.###.........## ##
....[.......##...##.........#
........^...#.....#......#.##
.....................[.....##
............................##
.............................####
...............[........[[.......
.........................<###....
..#.............@........## ##.##
#.....#.##.....3.###...### #.#
....###.#######.## #..## #.##
#.### ##.## ###.# ##...# ###..#
#..## #...# #>.####.##.## #..#..
.##.###.### ###.#...###.## ####.#
####.#.## ######.#.).# #.# #
##### #.##### ### ###


You could see a sixfirhy.

Vanquished Creatures
  An orc warlord (Bailey)
  A centaur warrior (D:8)
  A tengu conjurer (D:8)
  2 hellwings (D:8)
  A troll (D:8)
  Eustachio (D:4)
  A wraith (D:8)
  3 water moccasins
  11 orc warriors
  An ice beast (D:8)
  A black bear (D:6)
  A centaur (D:8)
  2 bullfrogs
  3 necrophages (D:7)
  A wyvern zombie (D:7)
  6 scorpions
  A water moccasin zombie (D:7)
  5 wights
  A howler monkey (D:5)
  A jelly (D:4)
  2 bullfrog zombies (D:7)
  A quasit (D:8)
  A human zombie (D:7)
  7 orc priests
  A gnoll bouda (D:4)
  2 hounds (D:7)
  2 iguanas (D:6)
  A merfolk siren (Sewer)
  9 orc wizards
  Terence (D:3)
  A merfolk avatar (Sewer)
  A killer bee zombie (D:7)
  A mummy (D:7)
  A howler monkey zombie (D:7)
  9 gnolls
  11 adders
  A white imp (D:6)
  2 ufetubi
  2 worms
  3 dart slugs
  36 orcs
  10 ball pythons
  11 endoplasms
  4 giant cockroaches
  19 goblins
  24 hobgoblins
  6 jackals
  8 kobolds
  6 quokkas
  10 bats
  6 frilled lizards
  25 rats
269 creatures vanquished.

Vanquished Creatures (others)
  9 plants (D:5)
9 creatures vanquished.

Grand Total: 278 creatures vanquished

Notes
Turn   | Place    | Note
-------+----------+-------------------------------------------
     0 | D:1      | cdecastro the Vine Stalker Enchanter began the quest for
                  | the Orb.
     0 | D:1      | Reached XP level 1. HP: 9/9 MP: 4/4
   412 | D:1      | Reached XP level 2. HP: 13/13 MP: 6/6
   415 | D:1      | Learned a level 2 spell: Ensorcelled Hibernation
   600 | D:1      | Found a faded altar of an unknown god.
   630 | D:1      | Reached skill level 4 in Stealth
  1270 | D:1      | Reached XP level 3. HP: 9/16 MP: 0/7
  2691 | D:2      | Gained mutation: Your natural rate of healing is unusually
                  | fast. [Vine Stalker growth]
  2691 | D:2      | Reached XP level 4. HP: 21/21 MP: 8/8
  3045 | D:2      | Learned a level 3 spell: Confusing Touch
  3536 | D:3      | Noticed a water moccasin
  3835 | D:3      | Reached skill level 5 in Stealth
  3835 | D:3      | Reached XP level 5. HP: 24/24 MP: 6/9
  4061 | D:3      | Reached skill level 5 in Hexes
  4260 | D:3      | Noticed Terence
  4307 | D:3      | Killed Terence
  4379 | D:4      | Found a glowing drain.
  4431 | Sewer    | Entered a sewer
  4503 | Sewer    | Reached XP level 6. HP: 28/28 MP: 10/10
  5117 | D:4      | Reached skill level 6 in Stealth
  5256 | D:4      | Reached XP level 7. HP: 32/32 MP: 8/11
  5544 | D:4      | Noticed Eustachio
  5549 | D:4      | Killed Eustachio
  5650 | D:4      | Found an ornate altar of the Wu Jian Council.
  5766 | D:4      | Reached skill level 7 in Stealth
  6015 | D:4      | Became a worshipper of the Wu Jian Council
  6037 | D:5      | Entered Level 5 of the Dungeon
  6143 | D:5      | Found a staircase to the Ecumenical Temple.
  6149 | Temple   | Entered the Ecumenical Temple
  6610 | D:5      | Found Loikh's Distillery.
  6624 | D:5      | Bought a potion of attraction for 33 gold pieces
  6624 | D:5      | Bought a potion of cancellation for 88 gold pieces
  6624 | D:5      | Bought a potion of might for 44 gold pieces
  6624 | D:5      | Bought a potion of lignification for 33 gold pieces
  6624 | D:5      | Bought a potion of magic for 88 gold pieces
  6639 | D:5      | Identified the +9 flail of Onil {holy, rElec rCorr Int+2
                  | Dex+2}
  6722 | D:5      | Gained mutation: You have razor-sharp teeth. [Vine Stalker
                  | growth]
  6722 | D:5      | Reached XP level 8. HP: 36/36 MP: 12/12
  6881 | D:5      | Reached skill level 8 in Stealth
  7020 | D:5      | Identified the +10 trident "Wir Gon" {antimagic, Contam
                  | rPois rC+ Dex+9}
  7236 | D:5      | Bought a potion of heal wounds for 55 gold pieces
  7323 | D:6      | Reached skill level 9 in Stealth
  7661 | D:6      | Reached * piety under Wu Jian
  7709 | D:6      | Reached skill level 10 in Stealth
  8090 | D:6      | Found a bloodstained altar of Trog.
  8346 | D:7      | Reached skill level 11 in Stealth
  8346 | D:7      | Reached XP level 9. HP: 39/39 MP: 13/13
  8560 | D:7      | Reached skill level 1 in Short Blades
  8593 | D:7      | Reached skill level 12 in Stealth
  8612 | D:7      | Found a basalt altar of Yredelemnul.
  9224 | D:8      | Reached ** piety under Wu Jian
  9226 | D:8      | Noticed a tengu conjurer
  9264 | D:8      | Noticed a centaur warrior
  9266 | D:8      | Noticed a troll
  9268 | D:8      | Killed a centaur warrior
  9269 | D:8      | Reached skill level 13 in Stealth
  9363 | D:8      | Found a flagged portal.
  9381 | Bailey   | Entered a bailey
  9469 | Bailey   | Reached XP level 10. HP: 44/44 MP: 11/14
  9550 | Bailey   | Reached skill level 5 in Short Blades
  9809 | Bailey   | Reached skill level 14 in Stealth
  9892 | Bailey   | Noticed an orc warlord
  9897 | Bailey   | Reached *** piety under Wu Jian
  9899 | Bailey   | Killed an orc warlord
  9932 | Bailey   | Identified the +4 trident "Vocinwap" {flame, rElec}
  9957 | Bailey   | Reached XP level 11. HP: 47/47 MP: 15/15
  9992 | Bailey   | Learned a level 3 spell: Dazzling Flash
 10185 | D:8      | Reached skill level 1 in Ranged Weapons
 11242 | D:9      | Noticed a sixfirhy
 11367 | D:9      | Gained mutation: You occasionally lose the ability to drink
                  | potions when taking damage. [a neqoxec]
 11390 | D:8      | Reached skill level 15 in Stealth
 11503 | D:9      | Gained mutation: You are weak. (Str -2) [a neqoxec]
 11511 | D:8      | Slain by a sixfirhy

Illustrated notes

Levels and vault maps discovered:
D:1:      dpeg_arrival_boxes_within_box, layout_rooms,
          hellmonk_ecumenical_altar_pennies_from_heaven, hex_medium,
          grunt_decor_resistance, minivault_5, minmay_surrounded
D:2:      layout_basic, minmay_misc_feat_room
D:3:      layout_loops_ring, feat_on_display, uniq_terence
D:4:      cheibrodos_quashed, layout_basic, nzn_wu_jian_council_hall,
          serial_rivers, chequers_serial_rivers_micro_c,
          chequers_serial_rivers_micro_c, chequers_serial_rivers_micro_d,
          chequers_serial_rivers_room_b, chequers_serial_rivers_room_b,
          gup_sewer_entry_glass, uniq_eustachio
D:5:      layout_rooms, minmay_temple_entry_hall, serial_shops, shop,
          wad_woods_river_04, grunt_decor_clamped
D:6:      layout_layer_cave, trog_butcher_becter
D:7:      layout_gridville, lemuel_mausoleum_altar_yredelemnul
D:8:      layout_layer_cave, serial_glass, glass_columns_b, glass_columns_a,
          glass_columns_b, glass_columns_b, glass_columns_a, glass_columns_c,
          enter_bailey_4, kb_rosetta
D:9:      layout_irregular_city, dpeg_lair_monsters, serial_demonic,
          serial_demonic_f, serial_demonic_e, serial_demonic_g,
          serial_demonic_a, serial_demonic_a, serial_demonic_a, serial_demonic_e
Temple:   oiseaux_autumnal_temple

Skill      XL: |  1  2  3  4  5  6  7  8  9 10 11 |
---------------+----------------------------------+-----
Stealth        | 4 5 6 7 11 13 14 15 | 15.0
Hexes          | 4 5 6 7 8 |  8.0
Short Blades   | 4 11 | 11.3
Ranged Weapons | 2 |  2.7
Dodging        | |  1.5
Spellcasting   | |  2.1

Action                   |  1- 3 |  4- 6 |  7- 9 | 10-12 || total
-------------------------+-------+-------+-------+-------++-------
Melee: Dagger            |   128 |   147 |   131 |   166 ||   572
       Bite              |    25 |    33 |    39 |    51 ||   148
       Punch             |       |       |     2 |       ||     2
       Flail             |       |       |    26 |    11 ||    37
 Fire: Longbow           |       |    74 |    56 |       ||   130
 Cast: Ensorcelled Hiber |     9 |    30 |    41 |    20 ||   100
       Confusing Touch   |       |     4 |     2 |     6 ||    12
Invok: Lunge             |       |       |    17 |    16 ||    33
       Whirlwind         |       |       |     4 |    20 ||    24
 Abil: Wall Jump         |       |       |       |     3 ||     3
  Use: Potion            |     1 |       |       |     3 ||     4
       Scroll            |       |     9 |     1 |     2 ||    12
 Stab: Sleeping          |    12 |    21 |    45 |    24 ||   102
       Distracted        |     1 |       |       |       ||     1
       Invisible         |       |       |       |     2 ||     2
       Confused          |       |       |       |     5 ||     5
Armor: Robe              |    37 |    35 |       |       ||    72
       Leather armour    |       |       |    45 |    52 ||    97
Dodge: Dodged            |    95 |    79 |    79 |    71 ||   324
Block: Other             |     2 |    31 |    36 |    39 ||   108
       Reflection        |       |       |     1 |       ||     1
